 Dungeon Crawl Stone Soup version 0.26-b1-59-ge38874ec40 (webtiles) character file.

Game seed: 18215910619975059014

90 radhat240 the Skirmisher (level 4, -5/41 HPs)
             Began as a Hill Orc Fighter on Jan 7, 2021.
             Slain by an ogre
             ... wielding a +0 giant club
              (28 damage)
             ... on level 2 of the Dungeon on Jan 8, 2021.
             The game lasted 00:05:06 (1124 turns).

radhat240 the Skirmisher (Hill Orc Fighter)         Turns: 1124, Time: 00:05:06

Health: -5/41      AC:  7    Str: 19    XL:     4   Next: 56%
Magic:  4/4        EV:  7    Int:  8    God:
Gold:   64         SH:  9    Dex: 10    Spells: 3/3 levels left

rFire    . . .     SeeInvis .   a - +1 war axe
rCold    + . .     Faith    .   c - +0 kite shield
rNeg     . . .     Spirit   .   b - +0 scale mail
rPois    .         Reflect  .   (no helmet)
rElec    .         Harm     .   (no cloak)
rCorr    .         Rampage  .   (no gloves)
Will     .....                  (no boots)
Stlth    ..........             (no amulet)
HPRegen  0.13/turn              k - ring of flight
MPRegen  0.09/turn              g - ring of protection from cold

@: no status effects
A: no striking features
a: Evoke Flight


You were on level 2 of the Dungeon.
You visited 1 branch of the dungeon, and saw 2 of its levels.

You collected 64 gold pieces.

Inventory:

Hand Weapons
 a - a +1 war axe (weapon)
Armour
 b - a +0 scale mail (worn)
 c - a +0 kite shield (worn)
Jewellery
 g - a ring of protection from cold (right hand)
 h - a cursed ring of teleportation {unknown}
 k - a ring of flight (left hand)
Scrolls
 e - a scroll of enchant armour {unknown}
 f - 2 scrolls of teleportation
Potions
 d - a potion of might
 j - 2 potions of ambrosia


   Skills:
 * Level 4.3 Fighting
 * Level 3.7 Axes
 * Level 4.0 Armour
 * Level 4.1 Shields


You had 3 spell levels left.
You didn't know any spells.
Your spell library was empty.

Dungeon Overview and Level Annotations

Branches:
Dungeon (2/15)

Altars:
Gozag


Message History

You hit the rat but do no damage. You block the rat's attack.
You block the ogre's attack.
You slash the rat!
You kill the rat!
You slash the ogre! The ogre hits you but does no damage.
A frilled lizard comes into view.
The frilled lizard hisses angrily.
The frilled lizard unfolds its giant frill.
You block the frilled lizard's attack.
You miss the frilled lizard. The frilled lizard barely misses you.
The ogre hits you but does no damage.
You closely miss the frilled lizard. You hit the ogre.
You block the frilled lizard's attack. You block the ogre's attack.
The frilled lizard bites you.
You hit the frilled lizard.
You kill the frilled lizard!
You hit the ogre.
The ogre hits you with a +0 giant club!!
Ouch! That really hurt!
You die...

..# ##### ..# ##>##
..# 8...8 ..#
#.....# (.# 8.....8
..# ##.....## ..#
#8...8# ..###
####### ..#.#
8#..†@.# .†#.#
.######O# ....#
.8##...#.# ....#
_## #.#.#.#
..#.####### #O#.#.#
..#.(.....# #.#.#.#
..#).#.######.#.#.#
...))#.#....#.#...#
....(#.#......#####


You could see an ogre.

Vanquished Creatures
  Jessica (D:2)
  3 adders (D:2)
  An ooze (D:1)
  2 worms (D:2)
  4 bats
  4 goblins (D:2)
  7 hobgoblins
  2 kobolds (D:2)
  2 frilled lizards
  2 rats (D:2)
28 creatures vanquished.

Notes
Turn   | Place    | Note
-------+----------+-------------------------------------------
     0 | D:1      | radhat240 the Hill Orc Fighter began the quest for the Orb.
     0 | D:1      | Reached XP level 1. HP: 19/19 MP: 1/1
   195 | D:1      | Reached XP level 2. HP: 27/27 MP: 2/2
   198 | D:1      | Upgraded the game from 0.26-b1-45-g23770d1d51 to
                  | 0.26-b1-59-ge38874ec40
   560 | D:2      | Reached XP level 3. HP: 31/33 MP: 3/3
   644 | D:2      | Found an opulent altar of Gozag.
   834 | D:2      | Noticed Jessica
   839 | D:2      | Killed Jessica
   840 | D:2      | Reached XP level 4. HP: 37/40 MP: 4/4
  1075 | D:2      | Noticed an ogre
  1124 | D:2      | Slain by an ogre

Illustrated notes

Levels and vault maps discovered:
D:1:      dpeg_arrival_round_c, layout_rooms, chequers_jeans,
          minmay_pentomino_o2
D:2:      layout_basic, nicolae_overflow_hidden_temple, uniq_jessica,
          uniq_terence

Skill      XL: |  1  2  3  4 |
---------------+-------------+-----
Axes           | 3 |  3.7
Fighting       | 4 |  4.3
Shields        | 4 |  4.1
Armour         | 4 |  4.0

Action                   |  1- 3 |  4- 6 || total
-------------------------+-------+-------++-------
Melee: War axe           |    57 |    25 ||    82
  Use: Potion            |     3 |       ||     3
       Scroll            |     5 |       ||     5
Armor: Scale mail        |    30 |     7 ||    37
Dodge: Dodged            |    24 |    11 ||    35
Block: Kite shield       |    31 |    14 ||    45
